 Dungeon Crawl Stone Soup version 0.17-a0-1805-g6093636 (webtiles) character file.

378100 Krapule the Impregnable (level 21, -12/212 HPs)
             Began as a Minotaur Fighter on Sept 11, 2015.
             Was the Champion of Qazlal.
             Killed from afar by a white draconian zealot (29 damage)
             ... with a burst of hellfire
             ... on level 1 of the Abyss on Sept 12, 2015.
             The game lasted 04:28:26 (42128 turns).

Krapule the Impregnable (Minotaur Fighter)         Turns: 42128, Time: 04:28:26

Health: -12/212    AC: 23    Str: 28      XL:     21   Next: 84%
Magic:  18/18      EV: 40    Int:  6 (18) God:    Qazlal [******]
Gold:   3003       SH: 18    Dex: 32      Spells: 0 memorised, 20 levels left

rFire  + + +     SeeInvis .     b - +6 flail of Division {pain, MR+ Str-2 Int+3 Dex+9}
rCold  x . .     Clarity  .     v - +4 scale mail "Liegillu" {rPois MR- Regen+}
rNeg   . . .     SustAt   .     V - +1 buckler of the Lair of Beasts {Str+3}
rPois  +         Gourm    +     i - +1 hat
rElec  .         Spirit   .     l - +0 cloak
rCorr  .         Warding  .     L - +0 pair of gloves
rMut   .         Stasis   .     C - +0 pair of boots of the Other World {Str+4}
MR     +....                    I - amulet "Yxkicluz" {Gourm MP-9 Str+3 Int+3}
Stlth  +.........               c - ring of Doubts {rPois rF+++ rC- Slay+3}
                                T - ring "Suryam" {EV+6 Str-2 Dex+6}

@: brilliant, protected from physical damage, repel missiles, somewhat resistant
to hostile enchantments, very unstealthy
A: retaliatory headbutt, horns 2, clever 1, deformed body, low mp 1,
regeneration 1, weak 1
a: Upheaval, Elemental Force, Disaster Area, Renounce Religion
}: 2/15 runes: serpentine, barnacled


You were on level 1 of the Abyss.
You worshipped Qazlal.
Qazlal was exalted by your worship.
You were very full.

You visited 8 branches of the dungeon, and saw 43 of its levels.
You visited the Abyss 2 times.

You collected 4418 gold pieces.
You spent 1415 gold pieces at shops.

Inventory:

Hand weapons
 a - the +8 hand axe "Hicvavuh" {elec, SInv}
   (You found it on level 2 of the Lair of Beasts)

   Occasionally, upon striking a foe, it will discharge some electrical energy
   and cause terrible harm.
   It lets you see invisible.
 b - the +6 flail of Division (weapon) {pain, MR+ Str-2 Int+3 Dex+9}
   (You found it on level 9 of the Dungeon)

   In the hands of one skilled in necromantic magic, it inflicts extra damage on
   living creatures.
   It affects your strength (-2).
   It affects your intelligence (+3).
   It affects your dexterity (+9).
   It affects your resistance to hostile enchantments.
 y - the +3 long sword of the Sage {freeze, Str+7}
   (You bought it in a shop on level 2 of the Elven Halls)

   It has been specially enchanted to freeze those struck by it, causing extra
   injury to most foes and up to half again as much damage against particularly
   susceptible opponents.
   It can also slow down cold-blooded creatures.
   It affects your strength (+7).
 F - a +2 long sword of holy wrath
Armour
 i - a +1 hat (worn)
 l - a +0 cloak (worn)
 v - the +4 scale mail "Liegillu" (worn) {rPois MR- Regen+}
   (You found it on level 6 of the Dungeon)

   It protects you from poison.
   It affects your resistance to hostile enchantments.
   It increases your rate of regeneration.
 C - the +0 pair of boots of the Other World (worn) {Str+4}
   (You found it on level 1 of the Lair of Beasts)

   It affects your strength (+4).
 L - a +0 pair of gloves (worn)
 P - the +3 leather armour of the Harp {rElec Stlth+}
   (You bought it in a shop on level 4 of the Vaults)

   It insulates you from electricity.
   It makes you more stealthy.
 V - the +1 buckler of the Lair of Beasts (worn) {Str+3}
   (You found it on level 8 of the Lair of Beasts)

   It affects your strength (+3).
Jewellery
 c - the ring of Doubts (right hand) {rPois rF+++ rC- Slay+3}
   (You found it on level 1 of the Shoals)

   [ring of slaying]

   It affects your accuracy and damage with ranged weapons and melee attacks
   (+3).
   It renders you almost immune to fire.
   It makes you vulnerable to cold.
   It protects you from poison.
 g - an uncursed ring of protection from magic
 u - an uncursed amulet of guardian spirit
 z - an uncursed ring of positive energy
 I - the amulet "Yxkicluz" (around neck) {Gourm MP-9 Str+3 Int+3}
   (You found it on level 4 of the Shoals)

   [amulet of the gourmand]

   It allows you to eat raw meat even when not hungry.
   It affects your strength (+3).
   It affects your intelligence (+3).
   It affects your magic capacity (-9).
 M - an uncursed ring of flight
 N - the ring "Qiser" {SustAt Int+3}
   (You found it on level 15 of the Dungeon)

   [ring of sustain attributes]

   It sustains your strength, intelligence and dexterity.
   It affects your intelligence (+3).
 T - the ring "Suryam" (left hand) {EV+6 Str-2 Dex+6}
   (You found it on level 4 of the Shoals)

   [ring of evasion]

   It affects your evasion (+6).
   It affects your strength (-2).
   It affects your dexterity (+6).
Magical devices
 f - a wand of random effects (36)
 m - a wand of cold (7)
 q - a wand of disintegration (12)
 x - a wand of fireball (8)
 G - a wand of teleportation (2)
 W - a wand of invisibility (3)
Scrolls
 j - a scroll of amnesia
 n - 4 scrolls of fear
 s - 30 scrolls of identify
 t - 2 scrolls of blinking
 w - 14 scrolls of remove curse
 K - a scroll of teleportation
 Q - 3 scrolls of fog
 R - 3 scrolls of summoning
Potions
 k - 15 potions of curing
 p - a potion of might
 r - 4 potions of brilliance
 J - a potion of resistance
 S - a potion of flight
 X - 4 potions of agility
Books
 d - the Disquisition on the Escort
   (You found it on level 1 of the Elven Halls)

   Spells                             Type                      Level
   a - Summon Butterflies             Summoning                    1
   b - Recall                         Summoning/Translocation      3
   c - Summon Mana Viper              Hexes/Summoning              5
   d - Summon Hydra                   Summoning                    7
Comestibles
 e - 19 bread rations
 h - 5 fruits
 E - 11 royal jellies


   Skills:
 + Level 23.5 Fighting
 - Level 5.0 Long Blades
 + Level 23.6 Armour
 + Level 20.8 Dodging
 - Level 12.0 Shields
 - Level 14.0 Invocations


You had 20 spell levels left.
You didn't know any spells.

Dungeon Overview and Level Annotations

Branches:
Dungeon (15/15)            Temple (1/1) D:7            Lair (8/8) D:11
 Shoals (4/4) Lair:4        Snake (4/4) Lair:5        Slime (0/6) Lair:6
    Orc (4/4) D:11            Elf (3/3) Orc:3        Vaults (4/5) D:13
  Crypt (0/3) Vaults:2     Depths (0/5) D:15

Altars:
Ashenzari
Cheibriados
Dithmenos
Elyvilon
Fedhas
Gozag
Kikubaaqudgha
Makhleb
Nemelex Xobeh
Okawaru
Qazlal
Ru
Sif Muna
Trog
Vehumet
Xom
Yredelemnul
Zin
The Shining One
Beogh
Jiyva

Shops:
Orc:4 (%:(   Elf:1 (   Elf:2 }(}   Shoals:2 *   Vaults:1 :   Vaults:3 %:}(
Vaults:4 [(

Annotations:
D:3 Sigmund
D:15 exclusions: Roxanne and ice statue, Roxanne


Innate Abilities, Weirdness & Mutations

You reflexively headbutt those who attack you in melee.
You have a pair of horns on your head.
Your mind is acute. (Int +2)
Armour fits poorly on your strangely shaped body.
Your magical capacity is low (-10% MP).
Your natural rate of healing is unusually fast.
You are weak. (Str -2)


Message History

A starcursed mass splits. x2
A deafening chorus of shrieks assaults your mind!
* * * LOW HITPOINT WARNING * * *
The large abomination is struck by lightning.
You destroy the large abomination!
Qazlal accepts your kill.
You hear a bark!
You hear a screech!
You hear a chilling moan.
You hear a shout!
You hear a roar!
You feel yourself growing ill in the presence of the ancient zyme.
A white draconian zealot comes into view.
The white draconian zealot roars!
A flying skull comes into view.
You hear a bark!
The white draconian zealot calls down the wrath of its god upon you.
The hellfire explodes!
The burst of hellfire engulfs you!
* * * LOW HITPOINT WARNING * * *
A starcursed mass splits.
The white draconian zealot invokes the aid of its god against you.
The hellfire explodes!
The burst of hellfire engulfs you!
You die...

§.......X.XX....X.
.....X...X...#...
#...X..###X ##
#...§§.# ...
#..z...# ....
#.§...§# ...#
#.§§§.§# . .
#.§§.§§# .#
#§.@...# #......#
#....q.# #......#
+......# #......#
#......# #......#


You could see 2 starcursed masses, a white draconian zealot, a large abomination
and a flying skull.

Vanquished Creatures
  Mennas (Vaults:2)
  A profane servitor (Abyss:1)
  A bone dragon (Vaults:2)
  A tentacled monstrosity (Vaults:4)
  6 liches
  Asterion (Vaults:2)
  A deep elf blademaster (Elf:3)
  An octopode crusher (Shoals:3)
  2 tentacled starspawn (Abyss:1)
  A kraken (Shoals:4)
  A tengu reaver (Vaults:4)
  Frances (D:14)
  Kirke (D:13)
  7 greater nagas
  Ilsuiw (Shoals:4)
  A fire giant (Vaults:4)
  Maud (Lair:6)
  A frost giant (Vaults:4)
  5 vault wardens
  The ghost of kroki the Spry, a mighty SpBe of Trog (Lair:3)
  A spriggan defender (Vaults:4)
  10 ironheart preservers
  4 stone giants
  8 very ugly things
  A deep elf demonologist (Elf:1)
  A salamander stormcaller (Vaults:2)
  An ettin (Vaults:3)
  A deep elf annihilator (Elf:3)
  The ghost of Tungsten the Fighter, a powerful DEFE of Vehumet (Lair:8)
  A blizzard demon (Abyss:1)
  5 merfolk javelineers
  Snorg (Orc:2)
  A fire dragon (Vaults:1)
  Erolcha (Orc:1)
  3 deep elf death magi
  8 merfolk impalers
  4 vault guards
  Fannar (Orc:1)
  The ghost of KambridgeKobold the Protected, a powerful MiFi of Okawaru (D:12)
  3 ice dragons
  4 naga warriors
  5 yaktaur captains
  12 centaur warriors
  A rakshasa (Abyss:1)
  2 great orbs of eyes
  3 catoblepae (Lair:8)
  11 hydras
  4 merfolk avatars
  17 anacondas
  2 merfolk aquamancers (Shoals:4)
  15 dancing weapons (Elf:2)
  14 ogre magi
  2 tengu warriors (D:15)
  2 satyrs
  4 thrashing horrors (Abyss:1)
  20 death yaks
  A titan zombie (Vaults:4)
  A deep troll shaman (Vaults:3)
  14 deep elf knights
  16 naga sharpshooters
  4 hell knights
  2 shadow wraiths
  9 shock serpents
  4 fire crabs
  11 skeletal warriors
  An unseen horror (shapeshifter) (Vaults:2)
  4 deep trolls
  4 wizards
  3 salamander mystics
  2 flayed ghosts (Vaults:4)
  13 sea snakes
  9 deep elf summoners
  6 necromancers
  11 naga ritualists
  16 ironbrand convokers
  3 unseen horrors
  7 hill giants
  Pikel (D:7)
  3 giant orange brains
  A harpy (shapeshifter) (Vaults:4)
  4 orc sorcerers
  11 orc knights
  A phantasmal warrior (D:15)
  A sphinx zombie (Vaults:2)
  9 deep elf conjurers
  A hornet (Vaults:3)
  A hornet (shapeshifter) (Vaults:1)
  A shadow dragon skeleton (Vaults:4)
  15 harpies
  An oklob plant (Shoals:1)
  4 fauns
  A stone giant zombie (Vaults:2)
  A lindwurm (Lair:8)
  A sixfirhy (Abyss:1)
  3 water nymphs
  17 griffons
  7 large abominations
  7 mana vipers
  A frost giant zombie (D:15)
  A moth of wrath (shapeshifter) (D:15)
  5 cyclopes
  47 black mambas
  7 wolf spiders
  10 manticores
  9 salamanders
  38 ugly things
  27 elephants
  An elephant (shapeshifter) (Vaults:2)
  15 guardian serpents
  Maurice (D:13)
  7 sirens
  Joseph (D:7)
  18 vault sentinels
  5 smoke demons (Abyss:1)
  21 naga magi
  An apocalypse crab (Abyss:1)
  15 spiny frogs
  A yaktaur zombie (D:15)
  5 centaur skeletons
  An orange demon (Abyss:1)
  25 yaktaurs
  7 komodo dragons
  A hellwing (Abyss:1)
  4 freezing wraiths
  A komodo dragon (shapeshifter) (D:13)
  A spiny frog (shapeshifter) (Vaults:4)
  5 kobold demonologists
  4 fire drakes
  4 human skeletons
  An efreet (Abyss:1)
  A spriggan druid (Lair:6)
  18 merfolk
  11 deep elf priests
  3 polar bears (Lair:6)
  An entropy weaver zombie (D:15)
  17 slime creatures
  26 blink frogs
  25 two-headed ogres
  3 wind drakes (Shoals:4)
  5 ancient zymes (Abyss:1)
  A queen bee (D:14)
  Grinder (D:5)
  Prince Ribbit (D:8)
  8 boulder beetles
  A raiju (shapeshifter) (Vaults:1)
  4 raiju (Abyss:1)
  A jumping spider (shapeshifter) (Vaults:4)
  9 snapping turtles
  19 trolls
  A spriggan zombie (D:15)
  3 shadows
  A flying skull (Abyss:1)
  2 redbacks (Vaults:3)
  2 ettin skeletons (Vaults:1)
  6 water elementals
  3 hungry ghosts
  68 yaks
  2 ynoxinuls (Abyss:1)
  6 hogs (D:13)
  Eustachio (D:6)
  29 deep elf fighters
  23 deep elf magi
  2 wraiths
  7 vampire mosquitoes
  2 wyverns
  4 neqoxecs (Abyss:1)
  A naga (shapeshifter) (Abyss:1)
  2 basilisks
  17 hippogriffs
  5 wolves
  A yaktaur simulacrum (Vaults:1)
  46 nagas
  Edmund (D:4)
  A chaos spawn (Abyss:1)
  4 wargs
  14 water moccasins
  Duvessa (D:4)
  A porcupine (shapeshifter) (D:15)
  2 phantoms
  29 orc warriors
  A sky beast (Abyss:1)
  3 eyes of draining
  An ice beast (D:15)
  7 porcupines
  58 ogres
  A black bear (D:9)
  An ettin simulacrum (Vaults:1)
  2 human zombies
  4 boggarts (Vaults:2)
  23 centaurs
  A brain worm (shapeshifter) (Vaults:4)
  2 brain worms
  17 crocodiles
  10 big kobolds
  25 giant frogs
  16 small abominations
  Blork the orc (D:4)
  An earth elemental (Abyss:1)
  A gnoll sergeant (D:6)
  A glowing shapeshifter simulacrum (Vaults:1)
  An elf skeleton (Abyss:1)
  Dowan (D:4)
  3 wyvern skeletons
  4 scorpions
  6 wights
  33 killer bees
  13 crimson imps
  22 orc priests
  4 electric eels
  2 giant frog zombies
  2 starcursed masses (Abyss:1)
  3 centaur zombies
  7 giant frog skeletons
  3 human simulacra
  5 gnoll shamans
  8 jellies
  2 quasits
  8 hounds
  4 iron imps (Abyss:1)
  38 orc wizards
  6 iguanas
  9 worker ants
  61 sheep
  A killer bee zombie (D:10)
  A sheep (shapeshifter) (Vaults:4)
  2 hound zombies (D:8)
  A hound skeleton (D:10)
  11 adders
  19 gnolls
  48 river rats
  5 shadow imps
  15 white imps
  2 ufetubi (Abyss:1)
  An adder skeleton (D:9)
  14 oozes
  4 worms
  A worm (shapeshifter) (Vaults:2)
  5 giant geckos
  201 orcs
  9 bats
  A giant cockroach (D:2)
  9 goblins
  9 hobgoblins
  7 jackals
  19 kobolds
  A giant gecko zombie (D:6)
  5 giant newts
  5 quokkas
  11 rats
  A crawling corpse (Elf:3)
  69 fungi
  101 plants
  4 starspawn tentacles (Abyss:1)
2178 creatures vanquished.

Vanquished Creatures (collateral kills)
  A harpy (Shoals:4)
  A deep troll (Vaults:3)
2 creatures vanquished.

Vanquished Creatures (others)
  A greater naga (Snake:4)
  A rakshasa (Vaults:2)
  A deep elf high priest (Elf:3)
  A hydra (D:13)
  A shock serpent (Snake:1)
  A hill giant (Vaults:1)
  2 naga magi
  A deep elf fighter (Elf:1)
  A naga (Snake:2)
  An ogre (Vaults:1)
  4 orc wizards
  A bush (Lair:8)
  92 fungi
  A lurking horror (Abyss:1)
  60 plants
  18 starspawn tentacles (Abyss:1)
  313 starspawn tentacle segments (Abyss:1)
  12 tentacles (Shoals:4)
512 creatures vanquished.

Grand Total: 2692 creatures vanquished

Notes
Turn   | Place    | Note
--------------------------------------------------------------
     0 | D:1      | Krapule the Minotaur Fighter began the quest for the Orb.
     0 | D:1      | Reached XP level 1. HP: 19/19 MP: 0/0
    61 | D:1      | Reached XP level 2. HP: 22/27 MP: 1/1
   169 | D:1      | Reached skill level 4 in Armour
   573 | D:2      | Found a glowing golden altar of the Shining One.
   652 | D:2      | Found an ancient bone altar of Kikubaaqudgha.
   659 | D:2      | Found a shattered altar of Ashenzari.
   659 | D:2      | Found a basalt altar of Yredelemnul.
   660 | D:2      | Found a white marble altar of Elyvilon.
   689 | D:2      | Found a radiant altar of Vehumet.
   696 | D:2      | Reached XP level 3. HP: 33/33 MP: 2/2
  1285 | D:3      | Reached skill level 1 in Dodging
  1285 | D:3      | Reached XP level 4. HP: 38/41 MP: 3/3
  1378 | D:3      | Noticed Sigmund
  1620 | D:3      | Reached XP level 5. HP: 29/47 MP: 4/4
  1921 | D:3      | Found a shimmering altar of Xom.
  1921 | D:3      | Found a burning altar of Makhleb.
  2295 | D:4      | Noticed an ogre
  2302 | D:4      | Killed an ogre
  2302 | D:4      | Reached skill level 5 in Armour
  2302 | D:4      | Reached skill level 5 in Shields
  2302 | D:4      | Reached XP level 6. HP: 28/55 MP: 5/5
  2488 | D:4      | Reached skill level 5 in Fighting
  2503 | D:4      | Noticed Edmund
  2504 | D:4      | Noticed an ogre
  2605 | D:4      | Noticed Blork the orc
  2628 | D:4      | Killed Blork the orc
  2628 | D:4      | Reached XP level 7. HP: 31/61 MP: 6/6
  2890 | D:4      | Reached skill level 5 in Long Blades
  3252 | D:4      | Noticed Duvessa
  3252 | D:4      | Noticed Dowan
  3263 | D:4      | Killed Duvessa
  3263 | D:4      | Reached skill level 6 in Fighting
  3272 | D:4      | Killed Dowan
  3316 | D:4      | Killed Edmund
  3316 | D:4      | Reached XP level 8. HP: 62/71 MP: 7/7
  3341 | D:4      | Found a glowing silver altar of Zin.
  3360 | D:4      | Killed an ogre
  3402 | D:5      | Entered Level 5 of the Dungeon
  3406 | D:5      | Noticed Grinder
  3433 | D:5      | Paralysed by Grinder for 6 turns
  3452 | D:5      | Killed Grinder
  3452 | D:5      | Reached skill level 5 in Dodging
  3477 | D:5      | Reached skill level 7 in Armour
  3909 | D:5      | Found a sparkling altar of Nemelex Xobeh.
  4021 | D:6      | Got a slimy scale mail
  4032 | D:6      | Identified the +4 scale mail "Liegillu" {rPois MR- Regen+} (You found it on level 6 of the Dungeon)
  4158 | D:6      | Reached XP level 9. HP: 65/80 MP: 8/8
  4579 | D:6      | Reached skill level 8 in Armour
  4887 | D:6      | Noticed Eustachio
  4902 | D:6      | Killed Eustachio
  4907 | D:6      | Noticed a moth of wrath
  4910 | D:6      | Found a bloodstained altar of Trog.
  5238 | D:6      | Found a bloodstained altar of Trog.
  5361 | D:6      | Gained mutation: Your natural rate of healing is unusually fast. [potion of mutation]
  5361 | D:6      | Gained mutation: You tend to lose your temper in combat. [potion of mutation]
  5361 | D:6      | Gained mutation: Your body sometimes deteriorates upon taking damage. [potion of mutation]
  5414 | D:7      | Found a white marble altar of Elyvilon.
  5442 | D:7      | Found a white marble altar of Elyvilon.
  5506 | D:7      | Noticed Joseph
  5520 | D:7      | Killed Joseph
  5621 | D:7      | Found a staircase to the Ecumenical Temple.
  5691 | Temple   | Entered the Ecumenical Temple
  5699 | Temple   | Became a worshipper of Qazlal Stormbringer
  5983 | D:7      | Noticed Pikel
  6010 | D:7      | Killed Pikel
  6010 | D:7      | Reached skill level 9 in Fighting
  6010 | D:7      | Reached skill level 1 in Invocations
  6155 | D:8      | Found a blossoming altar of Fedhas.
  6169 | D:8      | Reached XP level 10. HP: 91/91 MP: 10/10
  6383 | D:8      | Acquired Qazlal's first power
  6574 | D:8      | Noticed Prince Ribbit
  6725 | D:9      | Acquired Qazlal's second power
  6797 | D:9      | Found a shadowy altar of Dithmenos.
  6824 | D:9      | Reached skill level 10 in Shields
  6826 | D:9      | Reached skill level 10 in Armour
  6839 | D:9      | Reached skill level 10 in Fighting
  7266 | D:8      | Killed Prince Ribbit
  7266 | D:8      | Reached XP level 11. HP: 93/100 MP: 13/13
  7307 | D:8      | Acquired Qazlal's third power
  7806 | D:9      | Got a jewelled flail
  7807 | D:9      | Identified the +6 flail of Division {pain, MR+ Str-2 Int+3 Dex+9} (You found it on level 9 of the Dungeon)
  8045 | D:10     | Entered Level 10 of the Dungeon
  8099 | D:10     | Noticed a hill giant
  8108 | D:10     | Killed a hill giant
  8235 | D:10     | Reached skill level 5 in Invocations
  8731 | D:11     | Noticed a hill giant
  8744 | D:11     | Killed a hill giant
  8854 | D:11     | Reached skill level 11 in Shields
  8925 | D:11     | Acquired Qazlal's fourth power
  8947 | D:11     | Found a frozen archway.
  8965 | D:11     | Found a staircase to the Lair.
  8971 | Lair:1   | Entered Level 1 of the Lair of Beasts
  9081 | Lair:1   | Got a pair of ancient boots
  9117 | Lair:1   | Identified the +0 pair of boots of the Other World {Str+4} (You found it on level 1 of the Lair of Beasts)
  9799 | D:11     | Found a staircase to the Orcish Mines.
  9812 | D:11     | Found a roughly hewn altar of Beogh.
  9815 | Orc:1    | Entered Level 1 of the Orcish Mines
 10713 | Orc:3    | Acquired Qazlal's fifth power
 11178 | Orc:2    | Found a roughly hewn altar of Beogh.
 11632 | Orc:1    | Noticed Erolcha
 11636 | Orc:2    | Reached XP level 12. HP: 84/110 MP: 15/15
 11654 | Orc:1    | Noticed Fannar
 11669 | Orc:1    | Noticed Snorg
 11686 | Orc:2    | Killed Snorg
 11686 | Orc:2    | Reached skill level 10 in Dodging
 11717 | Orc:1    | Killed Erolcha
 11768 | Orc:1    | Killed Fannar
 12016 | Orc:4    | Entered Level 4 of the Orcish Mines
 12026 | Orc:4    | Paralysed by an orc sorcerer for 5 turns
 12074 | Orc:4    | Found Zillaly's Antique Weapon Shoppe.
 12074 | Orc:4    | Noticed an ogre mage
 12074 | Orc:4    | Noticed an ogre mage
 12079 | Orc:3    | Reached skill level 12 in Shields
 12101 | Orc:3    | Killed an ogre mage
 12535 | Orc:4    | Killed an ogre mage
 12553 | Orc:4    | Found Muyqecai's Food Emporium.
 12656 | Orc:3    | Found a staircase to the Elven Halls.
 12679 | Orc:3    | Reached XP level 13. HP: 119/119 MP: 18/18
 12741 | Elf:1    | Entered Level 1 of the Elven Halls
 12882 | Orc:4    | Found Ruh Goats's Book Boutique.
 12891 | Orc:4    | Found Xoalli's Antique Weapon Shoppe.
 13296 | D:12     | Noticed KambridgeKobold's ghost (powerful MiFi)
 13300 | D:12     | Killed KambridgeKobold's ghost
 13357 | D:12     | Found a sparkling altar of Nemelex Xobeh.
 13718 | D:13     | Noticed Frances
 13777 | D:13     | Noticed Kirke
 13948 | Lair:2   | Got a faintly glowing hand axe
 13949 | Lair:2   | Identified the +8 hand axe "Hicvavuh" {elec, SInv} (You found it on level 2 of the Lair of Beasts)
 13999 | Lair:2   | Reached skill level 13 in Fighting
 14660 | Lair:3   | Noticed kroki's ghost (mighty SpBe)
 14679 | Lair:3   | Killed kroki's ghost
 15542 | Lair:4   | Reached skill level 10 in Invocations
 15904 | Lair:4   | Reached XP level 14. HP: 119/130 MP: 20/20
 15990 | Lair:4   | Found a staircase to the Shoals.
 16095 | Lair:5   | Reached skill level 14 in Fighting
 16578 | Lair:5   | Found a staircase to the Snake Pit.
 17173 | Lair:6   | Noticed Maud
 17212 | Lair:6   | Found a viscous altar of Jiyva.
 17246 | Lair:6   | Found a staircase to the Slime Pits.
 17437 | Lair:6   | Killed Maud
 18617 | Lair:8   | Entered Level 8 of the Lair of Beasts
 18636 | Lair:8   | Reached skill level 15 in Fighting
 18641 | Lair:8   | Reached XP level 15. HP: 121/141 MP: 22/22
 18653 | Lair:7   | Reached skill level 15 in Armour
 18846 | Lair:8   | Noticed Tungsten's ghost (powerful DEFE)
 18849 | Lair:8   | Killed Tungsten's ghost
 19337 | Lair:8   | Got a pitted buckler
 19348 | Lair:8   | Identified the +1 buckler of the Lair of Beasts {Str+3} (You found it on level 8 of the Lair of Beasts)
 20012 | D:13     | Noticed Maurice
 20019 | D:13     | Killed Maurice
 20235 | D:14     | Reached skill level 16 in Fighting
 20733 | D:14     | Killed Frances
 20791 | D:13     | Reached skill level 15 in Dodging
 21297 | D:13     | Found a gate to the Vaults.
 21426 | D:13     | Killed Kirke
 21426 | D:13     | Reached XP level 16. HP: 152/152 MP: 24/24
 21975 | D:15     | Entered Level 15 of the Dungeon
 22330 | D:15     | Found a staircase to the Depths.
 22361 | D:15     | Reached skill level 17 in Fighting
 22446 | D:15     | Noticed Roxanne
 22515 | D:15     | Got a clouded marble ring
 23399 | Lair:1   | Lost mutation: You tend to lose your temper in combat. [potion of cure mutation]
 23399 | Lair:1   | Lost mutation: Your body sometimes deteriorates upon taking damage. [potion of cure mutation]
 23403 | Lair:1   | Identified the ring "Qiser" {SustAt Int+3} (You found it on level 15 of the Dungeon)
 23405 | Lair:1   | Upgraded the game from 0.17-a0-1804-gf6433eb to 0.17-a0-1805-g6093636
 23563 | Snake:1  | Entered Level 1 of the Snake Pit
 26104 | Snake:2  | Reached XP level 17. HP: 91/163 MP: 9/25
 26196 | Snake:2  | Reached skill level 18 in Fighting
 27900 | Snake:4  | Entered Level 4 of the Snake Pit
 28260 | Snake:4  | Reached skill level 19 in Fighting
 28553 | Snake:4  | Reached XP level 18. HP: 161/176 MP: 22/26
 29172 | Snake:4  | Got a serpentine rune of Zot
 29605 | Shoals:1 | Entered Level 1 of the Shoals
 29605 | Shoals:1 | Found an iron altar of Okawaru.
 30145 | Shoals:1 | Got a warped iron ring
 30359 | Shoals:2 | Found Qunejexu's Assorted Antiques.
 30369 | Shoals:2 | Bought a forked ivory wand for 124 gold pieces
 30369 | Shoals:2 | Bought a scroll of enchant weapon for 232 gold pieces
 30369 | Shoals:2 | Bought a scroll of enchant weapon for 232 gold pieces
 30980 | Shoals:3 | Identified a scroll of acquirement
 31422 | Shoals:4 | Entered Level 4 of the Shoals
 31437 | Shoals:4 | Noticed Ilsuiw
 31439 | Shoals:4 | Reached skill level 20 in Armour
 31471 | Shoals:4 | Killed Ilsuiw
 31756 | Shoals:4 | Got a glittering glass ring
 31803 | Shoals:4 | Identified the ring "Suryam" {EV+6 Str-2 Dex+6} (You found it on level 4 of the Shoals)
 31805 | Shoals:4 | Identified the ring of Doubts {rPois rF+++ rC- Slay+3} (You found it on level 1 of the Shoals)
 31992 | Shoals:4 | Got a steaming tin amulet
 31994 | Shoals:4 | Identified the amulet "Yxkicluz" {Gourm MP-9 Str+3 Int+3} (You found it on level 4 of the Shoals)
 32181 | Shoals:4 | Got a barnacled rune of Zot
 32626 | Vaults:1 | Entered Level 1 of the Vaults
 32681 | Vaults:1 | Reached XP level 19. HP: 179/187 MP: 18/27
 32839 | Vaults:1 | Found Wiumuf's Book Shoppe.
 34147 | Vaults:2 | Reached skill level 21 in Armour
 34389 | Vaults:2 | Noticed Asterion
 34390 | Vaults:2 | Noticed Mennas
 34403 | Vaults:2 | Killed Asterion
 34427 | Vaults:2 | Killed Mennas
 34614 | Vaults:2 | Noticed a bone dragon
 34614 | Vaults:2 | Found a staircase to the Crypt.
 34637 | Vaults:2 | Killed a bone dragon
 35493 | Vaults:3 | Reached XP level 20. HP: 132/198 MP: 16/28
 35730 | Vaults:3 | Found a bloodstained altar of Trog.
 35815 | Vaults:3 | Found Xefeh's Food Emporium.
 35915 | Vaults:3 | Found Edeo's Gadget Shoppe.
 35931 | Vaults:3 | Found Eqos's Weapon Emporium.
 36141 | Vaults:3 | Reached skill level 22 in Armour
 36151 | Vaults:3 | Found Qucilit's Book Shoppe.
 36928 | Vaults:4 | Cast into the Abyss (an ogre mage)
 36991 | Vaults:4 | Escaped the Abyss
 37399 | Vaults:4 | Found Amineid's Antique Armour Emporium.
 37402 | Vaults:4 | Bought a twisted leather armour for 252 gold pieces
 37402 | Vaults:4 | Bought a smelly leather armour for 252 gold pieces
 37412 | Vaults:4 | Identified the +3 leather armour of the Harp {rElec Stlth+} (You bought it in a shop on level 4 of the Vaults)
 37422 | Vaults:4 | Identified the +3 leather armour "Tavoreh" {rF+ Int+2} (You bought it in a shop on level 4 of the Vaults)
 38054 | Vaults:4 | Found Hogam's Antique Weapon Shoppe.
 38606 | Elf:1    | Reached XP level 21. HP: 209/209 MP: 21/30
 38886 | Elf:1    | Noticed a deep elf demonologist
 38892 | Elf:1    | Killed a deep elf demonologist
 38931 | Elf:1    | Identified the Disquisition on the Escort
 39006 | Elf:1    | Found Aseim's Weapon Shop.
 39659 | Elf:2    | Found Atho's Gadget Emporium.
 39707 | Elf:2    | Found Fanuk's Antique Weapon Shop.
 39710 | Elf:2    | Bought an ichor-stained long sword for 323 gold pieces
 39710 | Elf:2    | Identified the cursed +3 long sword of the Sage {freeze, Str+7} (You bought it in a shop on level 2 of the Elven Halls)
 39731 | Elf:2    | Found Xuitrix's Gadget Emporium.
 40083 | Elf:2    | Found a huge runed gate.
 40083 | Elf:2    | Found a huge runed gate.
 40083 | Elf:2    | Found a huge runed gate.
 40083 | Elf:2    | Found a huge runed gate.
 40089 | Elf:2    | Found a huge runed gate.
 40383 | Elf:2    | Reached skill level 23 in Armour
 40780 | Elf:3    | Entered Level 3 of the Elven Halls
 40805 | Elf:3    | Paralysed by an orc sorcerer for 2 turns
 40894 | Elf:3    | Cast into the Abyss (a deep elf demonologist)
 41064 | Abyss:1  | Gained mutation: Your mind is acute. (Int +2) [a neqoxec]
 41094 | Abyss:1  | Gained mutation: You are weak. (Str -2) [a neqoxec]
 41269 | Abyss:1  | Gained mutation: Your magical capacity is low (-10% MP). [a neqoxec]
 41272 | Abyss:1  | Gained mutation: Scrolls take you a little longer to read. [a neqoxec]
 41318 | Abyss:1  | Paralysed by a great orb of eyes for 7 turns
 41542 | Abyss:1  | Lost intelligence.
 41688 | Abyss:1  | Lost mutation: Scrolls take you a little longer to read. [a neqoxec]
 41704 | Abyss:1  | Paralysed by accursed screaming for 2 turns
 41890 | Abyss:1  | Found a corrupted altar of Lugonu.
 42035 | Abyss:1  | Lost intelligence.
 42083 | Abyss:1  | Gained mutation: Armour fits poorly on your strangely shaped body. [a neqoxec]
 42119 | Abyss:1  | Paralysed by accursed screaming for 1 turns
 42128 | Abyss:1  | Killed from afar by a white draconian zealot

Vault maps used:
D:1:      dpeg_arrival_rhombi, minivault_26
D:2:      lemuel_crystal_altar, overflow_temple_1_default, minitemple
D:3:      grunt_temple_overflow_champion_of_chaos, portal_sewer_entry_d,
          uniq_sigmund
D:4:      zin_treasury, hangedman_minor_gate_pass, uniq_blork_the_orc,
          uniq_duvessa, uniq_edmund
D:5:      kennysheep_little_box, first_bread, st_stairs_13, uniq_grinder
D:6:      nicolae_whirlpool, tgw_trog, trog_hazing_becter, uniq_eustachio
D:7:      temple_fountains, basic_altar, lemuel_statue_altar, uniq_joseph,
          uniq_crazy_yiuf_cottage, uniq_pikel
D:8:      kennysheep_seaside_town, fedhas_altar_3, minmay_misc_feat_room,
          uniq_prince_ribbit1
D:9:      nicolae_dithmenos_shadow_blocks
D:11:     lair_0_dummy, minmay_orc_entry_temple_small,
          portal_ice_cave_entry_imps
D:12:     basic_altar, hangedman_fish_farm
D:13:     hangedman_vaults_entry_quadrant_bands, uniq_maurice, uniq_frances,
          uniq_kirke
D:14:     moated_statue, minivault_7
D:15:     gammafunk_depths_entry_grave, serial_bayou_ford_a, minivault_16,
          minivault_23, st_stairs_13, minmay_pinched_square, uniq_roxanne
Temple:   nicolae_temple_no_exploring_needed
Lair:1:   serial_bayou_shore_b
Lair:2:   bh_autumn_forest_stairs
Lair:4:   minmay_shoals_entry_hut, st_stairs_3, grunt_forest_small_clearings
Lair:5:   mu_elephants_graveyard, minmay_snake_entry_guardpost_small,
          serial_bayou_shore_b
Lair:6:   lemuel_slime, slime_altar_1, kilobyte_rumbling_trees, uniq_maud
Lair:8:   evilmike_catoblepas_cave, serial_forest, infiniplex_forest_zigzag_1,
          infiniplex_forest_zigzag_2, infiniplex_forest_clump_diagonal,
          infiniplex_forest_lined_corner, infiniplex_forest_end_3,
          infiniplex_forest_lined_room_2, infiniplex_forest_lined_3
Shoals:1: nicolae_shoals_stone_sculpture_thing, lemuel_oklob_altar
Shoals:2: serial_shops, nicolae_shop_waterfront
Shoals:4: nicolae_shoals_island_circles, shoals_end_hangedman,
          shoals_ilsuiw_alternative, hangedman_shoal_octodias
Snake:1:  serial_bayou_pond_b, lemuel_fruit_tree
Snake:3:  nicolae_coiled_stairwell_down
Snake:4:  grunt_snake_rune_serpentine_throne
Orc:1:    uniq_fannar, uniq_snorg, uniq_erolcha
Orc:2:    mines2_david
Orc:3:    nicolae_orc_pool_cavern
Orc:4:    st_orc_open
Elf:1:    serial_shops, nicolae_shop_behind_doors, minmay_elf_demonology,
          nicolae_twisting_strands, minmay_misc_feat_ornament
Elf:2:    serial_shops, shop_statue, nicolae_shop_crystal, shop
Elf:3:    elf_hall, serial_sigils_hangedman_gnaw
Vaults:1: hangedman_vaults_impose, v_misc_30, v_rooms_6,
          nicolae_vaults_little_squares_5, v_alt_pattern_4,
          hangedman_vaults_nodes, ontoclasm_vaults_misaligned,
          ontoclasm_vaults_misaligned, nicolae_vaults_windows_and_doors_thing,
          ontoclasm_vaults_shuriken, v_rooms_3, v_rooms_1,
          nicolae_vaults_diagonal_hallway_7, serial_shops, shop
Vaults:2: v_misc_10, nicolae_vaults_yaktaur_gun_rack,
          vaults_standard_mumra_lines, minmay_crypt_entry_nasty_monster,
          vaults_room_semicircle, uniq_mennas, uniq_asterion
Vaults:3: ontoclasm_vaults_tryst, v_misc_12, hangedman_vaults_capsules,
          hangedman_vaults_pinch, ontoclasm_vaults_chip,
          ontoclasm_vaults_hangar, vaults_dpeg_cross,
          hangedman_vaults_restitches, v_misc_28, st_lines,
          ontoclasm_vaults_gateway, basic_altar, serial_shops,
          nicolae_shop_window_shopping, shop, shop, shop
Vaults:4: hangedman_vaults_snaps, vaults_mumra_hex, sword_in_stone, v_misc_19,
          v_misc_30, nicolae_vaults_mini_display_case,
          nicolae_vaults_circle_grid_b, v_misc_22, hangedman_vaults_trim,
          ontoclasm_vaults_eye, vaults_dpeg_encased_lava,
          vaults_room_mumra_shop_pool, serial_ice_m, nicolae_vaults_asterisk,
          hangedman_vaults_corner_blocks, serial_shops,
          nicolae_shop_behind_doors

Action                   |  1- 3 |  4- 6 |  7- 9 | 10-12 | 13-15 | 16-18 | 19-21 || total
-------------------------+-------+-------+-------+-------+-------+-------+-------++-------
Melee: Long sword        |    85 |   127 |   367 |   321 |       |       |   215 ||  1115
       Flail             |       |       |       |   498 |  1195 |  1377 |  1249 ||  4319
       Hand axe          |       |       |       |       |    11 |     5 |    63 ||    79
       Unarmed           |       |       |       |       |     4 |       |       ||     4
Invok: Disaster Area     |       |       |       |       |       |     4 |     5 ||     9
       Elemental Force   |       |       |       |       |       |     1 |     2 ||     3
       Upheaval          |       |       |       |       |       |       |     3 ||     3
Evoke: Wand              |       |       |       |       |       |     3 |     5 ||     8
  Use: Potion            |       |       |     8 |     2 |     3 |     4 |    11 ||    28
       Scroll            |       |       |       |    16 |     3 |     4 |     4 ||    27
 Stab: Distracted        |       |       |       |       |     1 |       |       ||     1
       Petrifying        |       |       |       |       |     1 |       |       ||     1
       Petrified         |       |       |       |       |     1 |       |       ||     1
       Invisible         |       |       |       |       |       |     3 |       ||     3
       Paralysed         |       |       |       |       |       |       |     3 ||     3
  Eat: Chunk             |     1 |     4 |    11 |    27 |    30 |    24 |    36 ||   133
       Fruit             |       |       |     3 |       |       |     5 |       ||     8
       Bread ration      |       |       |       |       |     2 |     2 |     1 ||     5
       Beef jerky        |       |       |       |       |     1 |     3 |       ||     4
       Meat ration       |       |       |       |       |       |       |     1 ||     1
